 Dungeon Crawl Stone Soup version 0.28.0-43-g3370ac3207 (webtiles) character file.

Game seed: 12542962736778561084

158 pkoi the Insei (level 4, -2/36 HPs)
             Began as a Demigod Gladiator on Mar 24, 2022.
             Slain by a kobold
             ... wielding a +0 club
              (3 damage)
             ... on level 3 of the Dungeon.
             The game lasted 00:03:55 (3224 turns).

pkoi the Insei (Demigod Gladiator)                  Turns: 3224, Time: 00:03:55

Health: -2/36      AC:  5    Str: 15    XL:     4   Next: 94%
Magic:  6/6        EV: 12    Int: 14    God:
Gold:   168        SH:  0    Dex: 15    Spells: 3/3 levels left

rFire   . . .      SeeInvis .     - Unarmed
rCold   . . .      Faith    .   (no shield)
rNeg    . . .      Spirit   .   a - +0 leather armour
rPois   .          Reflect  .   b - +1 helmet
rElec   .          Harm     .   (no cloak)
rCorr   .          Rampage  .   (no gloves)
Will    .....                   (no boots)
Stlth   +.........              (no amulet)
HPRegen 0.12/turn               (no ring)
MPRegen 0.10/turn               (no ring)

@: confused
A: high MP 1, forlorn, divine attributes
a: no special abilities


You were on level 3 of the Dungeon.
You visited 1 branch of the dungeon, and saw 3 of its levels.

You collected 168 gold pieces.

Inventory:

Hand Weapons
 j - a +2 demon blade of electrocution
Missiles
 c - 3 throwing nets (quivered)
 k - 10 poisoned darts
Armour
 a - a +0 leather armour (worn)
 b - a +1 helmet (worn)
Scrolls
 f - a scroll of fear
 m - a scroll of teleportation
 o - 2 scrolls of enchant armour
Potions
 d - a potion of haste {unknown}
 e - a potion of brilliance {unknown}
 g - 4 potions of curing {unknown}
 h - a potion of might {unknown}
 i - 2 potions of heal wounds {unknown}
 l - a potion of ambrosia {unknown}
 n - 2 potions of flight {unknown}
 p - a potion of attraction {unknown}


   Skills:
 - Level 1.7 Fighting
 - Level 1.7 Throwing
 - Level 2.6 Dodging
 * Level 5.4 Unarmed Combat


You had 3 spell levels left.
You didn't know any spells.
Your spell library was empty.

Dungeon Overview and Level Annotations

Branches:
Dungeon (3/15)

Shops:
D:1 *?*=?


Innate Abilities, Weirdness & Mutations

You have an increased reservoir of magic. (+10% MP)
You shall have no god before yourself.
Your divine heritage dramatically boosts your attributes as you level up.


Message History

You kill the orc!
You hear some strange, mumbled words.
A puff of flame appears from out of thin air!
The puff of flame hits you.
* * * LOW HITPOINT WARNING * * *
You punch the orc!
You kill the orc!
A magic dart appears from out of thin air!
The magic dart hits you!
* * * LOW HITPOINT WARNING * * *
The orc hits you but does no damage.
You hear some strange, mumbled words.
You are confused.
The orc barely misses you.
Items here: )) [ ††.
You're too confused to move!
The orc hits you but does no damage. Something hits you.
* * * LOW HITPOINT WARNING * * *
The orc hits you but does no damage.
You punch the orc!
You kill the orc!
Something hits you.
* * * LOW HITPOINT WARNING * * *
The orc hits you with a +0 trident.
* * * LOW HITPOINT WARNING * * *
You closely miss something.
You hear some strange, mumbled words.
A magic dart appears from out of thin air!
The magic dart hits you.
* * * LOW HITPOINT WARNING * * *
The orc closely misses you. The kobold closely misses you.
You miss something.
You hear some strange, mumbled words.
You are more confused.
The orc misses you.
You're too confused to move!
The kobold barely misses you. Something hits you but does no damage.
The orc hits you with a +0 trident.
* * * LOW HITPOINT WARNING * * *
You closely miss the orc. The kobold hits you with a +0 club.
You die...

...###.#####.####
.....#.#........#.#
.......<.....#.##.#
##...#.##.####.# .#
#...#.##.# #.# .#
#.#.#.##.# #.# .#
#(#.#.##.# #.# .#
.# #.#.#.##..
#.##K#..###
#.#.#.....
#..@{.....#
#........#
####o####.# ...
...... ... ..## ..#
#.# .. ##


You could see an orc and a kobold.

Vanquished Creatures
  An orc wizard (D:3)
  Robin (D:2)
  A gnoll (D:2)
  2 adders (D:3)
  2 worms (D:2)
  A dart slug (D:1)
  5 orcs (D:3)
  4 bats
  9 endoplasms
  2 giant cockroaches (D:1)
  10 goblins
  12 hobgoblins
  7 jackals
  8 kobolds
  A quokka (D:1)
  2 ball pythons
  3 frilled lizards
  3 rats
74 creatures vanquished.

Notes
Turn   | Place    | Note
-------+----------+-------------------------------------------
     0 | D:1      | pkoi the Demigod Gladiator began the quest for the Orb.
     0 | D:1      | Reached XP level 1. HP: 17/17 MP: 3/3
    57 | D:1      | Found Felocw's Assorted Antiques.
    64 | D:1      | Found Qeesunast's Jewellery Boutique.
    71 | D:1      | Reached skill level 3 in Unarmed Combat
   347 | D:1      | Reached XP level 2. HP: 21/24 MP: 4/4
   456 | D:1      | Found Daaluharph's Magic Scroll Emporium.
   546 | D:1      | Found Ramih's Magic Scroll Shoppe.
  1037 | D:1      | Found Zuiwu's Assorted Antiques.
  1121 | D:1      | Reached XP level 3. HP: 23/29 MP: 5/5
  1362 | D:2      | Reached skill level 4 in Unarmed Combat
  2378 | D:2      | Noticed Robin
  2418 | D:2      | Killed Robin
  2527 | D:2      | Reached XP level 4. HP: 29/36 MP: 6/6
  2913 | D:3      | Reached skill level 5 in Unarmed Combat
  3223 | D:3      | HP: 1/36 [orc/+0 trident (1)]
  3224 | D:3      | Slain by a kobold

Illustrated notes

Levels and vault maps discovered:
D:1:      saegor_arrival_simple_e, layout_loops_ring, serial_shops,
          nicolae_shop_crystal, nicolae_square_shop, shop, shop, shop,
          hangedman_decor_slide_cut, minmay_pentomino_z4
D:2:      layout_basic, cheibrodos_gnoll_hut, uniq_robin
D:3:      layout_basic, nicolae_tso_besieged_by_evil,
          hellmonk_ecumenical_altar_zigzags

Skill      XL: |  1  2  3  4 |
---------------+-------------+-----
Unarmed Combat | 3 4 5 |  5.4
Fighting       | |  1.7
Throwing       | |  1.7
Dodging        | |  2.6

Action                   |  1- 3 |  4- 6 || total
-------------------------+-------+-------++-------
Melee: Unarmed           |   191 |    80 ||   271
       Punch             |     6 |     3 ||     9
  Use: Scroll            |     6 |       ||     6
 Stab: Sleeping          |     1 |     1 ||     2
Armor: Leather armour    |    49 |    30 ||    79
Dodge: Dodged            |   126 |    46 ||   172
